 Dungeon Crawl Stone Soup version 0.31.0-11-ge490571c62 (webtiles) character file.

Game seed: 12569565892486334096

294 qw the Skirmisher (level 6, -1/35 HPs)
             Began as a Deep Elf Hunter on Feb 3, 2024.
             Slain by a gnoll
             ... wielding a +0 flail
             ... led by a gnoll bouda
              (6 damage)
             ... on level 4 of the Dungeon.
             The game lasted 00:00:47 (2600 turns).

qw the Skirmisher (Deep Elf Hunter)                 Turns: 2600, Time: 00:00:47

Health: -1/35      AC: 10    Str: 10    XL:     6   Next: 11%
Magic:  8/8        EV: 12    Int: 14    God:
Gold:   150        SH:  0    Dex: 24    Spells: 5/5 levels left

rFire   . . .        a - +1 shortbow
rCold   . . .        (shield currently unavailable)
rNeg    . . .        j - +0 ring mail
rPois   .            (no helmet)
rElec   .            d - +0 cloak
rCorr   .            b - +2 pair of gloves
SInv    .            g - +0 pair of boots
Will    .....        (no amulet)
Stlth   ++           f - +6 ring of dexterity
HPRegen 0.25/turn    (no ring)
MPRegen 0.11/turn

%: no passive effects
@: no status effects
A: no striking features
a: no special abilities


You were on level 4 of the Dungeon.
You visited 1 branch of the dungeon, and saw 4 of its levels.

You collected 150 gold pieces.


   Skills:
 - Level 2.1 Fighting
 + Level 9.0 Ranged Weapons
 - Level 1.0 Armour
 - Level 3.0 Dodging
 - Level 1.2 Stealth


You had 5 spell levels left.
You didn't know any spells.
Your spell library was empty.

Inventory:

Hand Weapons
 a - a +1 shortbow (weapon)
Armour
 b - a +2 pair of gloves (worn)
 d - a +0 cloak (worn)
 g - a +0 pair of boots (worn)
 j - a +0 ring mail (worn)
Jewellery
 f - a +6 ring of dexterity (left hand)
Wands
 m - a wand of light (8)
Scrolls
 c - 3 scrolls of teleportation
 e - a scroll of fog {unknown}
 h - a scroll of identify
Potions
 i - a potion of curing
 k - a potion of enlightenment {unknown}
 l - a potion of mutation {unknown}

Dungeon Overview and Level Annotations

Branches:
Dungeon (4/15)
 Temple: D:4-7

Altars:
Gozag
Hepliaklqana
Nemelex Xobeh


Message History

You shoot an arrow.
The arrow closely misses the gnoll bouda.
The gnoll shouts!
A goblin comes into view. It is wielding a +0 club.
You shoot an arrow. The arrow hits the gnoll bouda.
The gnoll bouda is moderately wounded.
You shoot an arrow. The arrow hits the gnoll bouda.
The gnoll bouda is heavily wounded.
The gnoll bouda gazes fiercely through you!
You feel your attacks grow feeble.
The gnoll bouda hits you but does no damage.
You shoot an arrow.
The arrow closely misses the gnoll bouda.
You shoot an arrow. The arrow hits the gnoll bouda.
The gnoll bouda is severely wounded.
The gnoll bouda mumbles some strange prayers to its god.
The gnoll bouda is healed somewhat.
The gnoll hits you with a +0 flail.
You shoot an arrow. The arrow hits the gnoll bouda.
The gnoll bouda is severely wounded.
The gnoll bouda hits you with a +0 whip.
The gnoll barely misses you.
You shoot an arrow. The arrow hits the gnoll bouda!
You kill the gnoll bouda!
The gnoll misses you.
Your Fighting skill increases to level 2!
You shoot an arrow. The arrow hits the gnoll.
The gnoll is moderately wounded.
Your attacks no longer feel as feeble.
The gnoll closely misses you.
You shoot an arrow. The arrow hits the gnoll.
The gnoll is heavily wounded.
The gnoll hits you with a +0 whip. The gnoll hits you with a +0 flail.
You shoot an arrow. The arrow closely misses the gnoll.
The gnoll hits you but does no damage. The gnoll hits you with a +0 flail.
You shoot an arrow.
The arrow hits the gnoll but does no damage.
The gnoll is heavily wounded.
The gnoll is no longer moving quickly. x2; The gnoll hits you with a +0 whip!
The gnoll hits you with a +0 flail.
You die...

.# #.#
'########
#.#
........#
#.#
........#
#.#
........#
#.#
........#
#.#
'########
#.# .# #.#
.# #@# .#
.....ggg...#
.#
#######.#.##
.# ..#.# .#
### # .# .#
.# .#


You could see 2 gnolls and a goblin.

Vanquished Creatures
  A hound (D:4)
  2 orc priests
  A gnoll bouda (D:4)
  An orc wizard (D:4)
  5 gnolls
  2 adders (D:3)
  2 ribbon worms
  13 orcs
  6 endoplasms
  3 goblins
  6 hobgoblins
  4 jackals
  A quokka (D:1)
  6 ball pythons
  4 bats
  8 frilled lizards
  6 kobolds
  5 rats
  A spectral kobold (D:2)
77 creatures vanquished.

Notes
Turn   | Place    | Note
-------+----------+-------------------------------------------
     0 | D:1      | qw the Deep Elf Hunter began the quest for the Orb.
     0 | D:1      | Reached XP level 1. HP: 12/12 MP: 3/3
     0 | D:1      | 0 ||| qw: Version: 0.3-a-155-g5e7d8dd
     0 | D:1      | 0 ||| qw: Game counter: 3155
     0 | D:1      | 0 ||| qw: Melee chars always use a shield: true
     0 | D:1      | 0 ||| qw: God list: Okawaru
     0 | D:1      | 0 ||| qw: Allow faded altars: false
     0 | D:1      | 0 ||| qw: Do Orc after clearing Dungeon:15 true
     0 | D:1      | 0 ||| qw: Do second Lair branch before Depths: true
     0 | D:1      | 0 ||| qw: Lair rune preference: random
     0 | D:1      | 0 ||| qw: Goals: Normal
     0 | D:1      | 0 ||| PLANNING D:1-11
   229 | D:1      | Reached skill level 6 in Ranged Weapons
   229 | D:1      | Reached XP level 2. HP: 15/16 MP: 4/4
   570 | D:1      | 570 ||| UPGRADING to +0 cloak.
   575 | D:1      | 575 ||| UPGRADING to +0 scale mail.
   585 | D:1      | 585 ||| DROPPING +0 leather armour.
   586 | D:1      | 586 ||| UPGRADING to +6 ring of dexterity.
   587 | D:1      | 587 ||| READING scroll labelled TYIPSI HUYTO.
   587 | D:1      | 587 ||| ENCHANTING +0 shortbow.
   588 | D:1      | 588 ||| READING scroll labelled ULUTTIESKE.
   593 | D:1      | 593 ||| DRINKING 2 fuming silvery potions.
   594 | D:1      | 594 ||| DROPPING scroll of butterflies.
   611 | D:2      | 611 ||| STAIRDANCE
   703 | D:2      | Found a faded altar of an unknown god.
   811 | D:2      | Reached skill level 7 in Ranged Weapons
   811 | D:2      | Reached XP level 3. HP: 12/20 MP: 5/5
   880 | D:2      | You fall into a shaft and drop 1 floor!
   881 | D:3      | 881 ||| UPGRADING to +0 pair of gloves.
   886 | D:3      | 886 ||| UPGRADING to +0 ring mail.
   896 | D:3      | 896 ||| DROPPING +0 scale mail.
   897 | D:3      | 897 ||| READING scroll labelled VETUAW GOOH.
   998 | D:3      | 998 ||| READING scroll labelled URCHOYLITRA.
   998 | D:3      | 998 ||| ENCHANTING +0 pair of gloves.
  1103 | D:2      | 1103 ||| READING scroll of enchant armour.
  1103 | D:2      | 1103 ||| ENCHANTING +1 pair of gloves.
  1230 | D:2      | 1230 ||| UPGRADING to +0 pair of boots.
  1235 | D:2      | 1235 ||| DRINKING 2 yellow potions.
  1236 | D:2      | 1236 ||| FLEEEEING.
  1237 | D:2      | 1237 ||| FLEEEEING.
  1238 | D:2      | 1238 ||| FLEEEEING.
  1239 | D:2      | 1239 ||| FLEEEEING.
  1240 | D:2      | 1240 ||| FLEEEEING.
  1241 | D:2      | 1241 ||| FLEEEEING.
  1242 | D:2      | 1242 ||| FLEEEEING.
  1243 | D:2      | 1243 ||| FLEEEEING.
  1244 | D:2      | 1244 ||| FLEEEEING.
  1245 | D:2      | 1245 ||| FLEEEEING.
  1246 | D:2      | 1246 ||| FLEEEEING.
  1247 | D:2      | 1247 ||| FLEEEEING.
  1248 | D:2      | 1248 ||| FLEEEEING.
  1249 | D:2      | 1249 ||| FLEEEEING.
  1250 | D:2      | 1250 ||| FLEEEEING.
  1251 | D:2      | 1251 ||| FLEEEEING.
  1252 | D:2      | 1252 ||| STAIRDANCE
  1354 | D:1      | 1354 ||| DROPPING potion of berserk rage.
  1449 | D:3      | Reached XP level 4. HP: 25/25 MP: 6/6
  1581 | D:3      | Found a hazy altar of Hepliaklqana.
  1712 | D:3      | Reached skill level 8 in Ranged Weapons
  1780 | D:3      | Reached skill level 3 in Dodging
  1907 | D:3      | Found an opulent altar of Gozag.
  1934 | D:3      | Reached XP level 5. HP: 26/29 MP: 7/7
  2089 | D:3      | Reached skill level 1 in Armour
  2170 | D:3      | 2170 ||| DROPPING +2 pair of gloves.
  2171 | D:3      | 2171 ||| READING scroll labelled BAONESCH AHESIW.
  2172 | D:3      | 2172 ||| READING scroll labelled IRATISM VUMAU.
  2172 | D:3      | 2172 ||| IDENTIFYING smoky amethyst potion
  2173 | D:3      | 2173 ||| READING scroll labelled CIUNUDUMARCH.
  2174 | D:3      | 2174 ||| DROPPING potion of degeneration.
  2176 | D:3      | 2176 ||| Stepping ~*~*~tactically~*~*~ (cloud).
  2183 | D:3      | HP: 7/29 [poisoned by you (poison gas)]
  2344 | D:4      | 2344 ||| DRINKING 3 potions of curing.
  2344 | D:4      | 2344 ||| (to cure confusion)
  2351 | D:4      | 2351 ||| DRINKING 2 potions of curing.
  2351 | D:4      | 2351 ||| (to cure confusion)
  2353 | D:4      | 2353 ||| FLEEEEING.
  2354 | D:4      | 2354 ||| FLEEEEING.
  2368 | D:4      | Reached skill level 9 in Ranged Weapons
  2433 | D:4      | Found a sparkling altar of Nemelex Xobeh.
  2590 | D:4      | Reached XP level 6. HP: 27/35 MP: 8/8
  2600 | D:4      | HP: 5/35 [gnoll/+0 whip[a gnoll bouda] (7)]
  2600 | D:4      | Slain by a gnoll

Levels and vault maps discovered:
D:1:      dpeg_arrival_circle_labyrinth_c, layout_basic, serial_park_tiny_pond,
          serial_bayou_pond_d, grunt_decor_one_mirror, minmay_indecisive_spiral
D:2:      cheibrodos_pilgrimage, layout_rooms,
          dreamdust_ecumenical_altar_drowned_temple
D:3:      layout_basic, nzn_hepliaklqana_mist_gate, grunt_gozag_breadcrumbs
D:4:      layout_basic, nemelex_diamond_rough_becter,
          nicolae_overflow_two_pavilions, uniq_pikel

Skill      XL: |  1  2  3  4  5  6 |
---------------+-------------------+-----
Ranged Weapons | 6 7 8 9 |  9.0
Dodging        | 3 |  3.0
Armour         | 1 |  1.0
Fighting       | 2 |  2.1
Stealth        | |  1.2

Action                     |  1- 3 |  4- 6 || total
---------------------------+-------+-------++-------
   Fire: Shortbow          |    91 |   139 ||   230
    Use: Scroll            |     5 |     3 ||     8
         Potion            |     2 |     2 ||     4
 Armour: Leather armour    |     7 |       ||     7
         Scale mail        |    16 |       ||    16
         Ring mail         |     1 |    58 ||    59
  Dodge: Dodged            |    22 |    42 ||    64

Table legend:
 A = Non-vault XP
 B = Vault XP
 C = Vault XP percentage of total XP
 D = Non-vault monster count
 E = Vault monster count
 F = Vault count percentage of total count
                 A         B        C        D         E       F
            +---------+---------+-------+---------+---------+-------
      Total |     369 |      51 |  12.1 |      69 |       8 |  10.4
            +---------+---------+-------+---------+---------+-------
        D:1 |      17 |       4 |  19.0 |       9 |       4 |  30.8
        D:2 |      24 |      47 |  66.2 |      17 |       4 |  19.0
        D:3 |     135 |       0 |   0.0 |      28 |       0 |   0.0
        D:4 |     193 |       0 |   0.0 |      15 |       0 |   0.0
            +---------+---------+-------+---------+---------+-------
